 Dungeon Crawl Stone Soup version 0.25-a0-578-gc91f01c39c (webtiles) character file.

Game seed: 4579838228047386587, levelgen mode: deterministic

2741 Forecaster the Magician (level 9, -4/111 HPs)
             Began as a Naga Wizard on Mar 6, 2020.
             Was a Follower of Sif Muna.
             Slain by a slime creature (10 damage)
             ... on level 7 of the Dungeon.
             The game lasted 00:53:05 (7547 turns).

Forecaster the Magician (Naga Wizard)               Turns: 7547, Time: 00:53:05

Health: -4/111     AC: 24    Str: 12    XL:     9   Next: 68%
Magic:  9/20       EV:  1    Int: 22    God:    Sif Muna [*.....]
Gold:   282        SH:  3    Dex: 10    Spells: 17/23 levels left

rFire    . . .     SeeInvis +   F - +2 rapier (venom)
rCold    . . .     Gourm    .   (no shield)
rNeg     + + +     Faith    .   (armour currently unavailable)
rPois    +         Spirit   .   (helmet currently unavailable)
rElec    .         Reflect  +   (cloak currently unavailable)
rCorr    .         Harm     .   (gloves currently unavailable)
MR       ++...     NoTele   +   (no barding)
Stlth    +++.......             q - +3 amulet of reflection
HPRegen  0.28/turn              L - ring of protection from magic
MPRegen  0.17/turn              N - +3 ring of intelligence

@: tree-form
A: large, see invisible, slow metabolism 1, spit poison 1, AC +3
a: Spit Poison, Channel Magic, Renounce Religion


You were on level 7 of the Dungeon.
You worshipped Sif Muna.
Sif Muna was aware of your devotion.
You were hungry.
You were a tree.
You visited 1 branch of the dungeon, and saw 7 of its levels.

You collected 282 gold pieces.

Inventory:

Hand Weapons
 e - a +0 whip
 g - a +0 shortbow
 l - a +3 dagger of venom
 m - a +0 dagger
 n - a +0 dagger
 o - a +1 mace of protection
 v - a +0 dagger
 y - a +1 dagger of venom
 F - a +2 rapier of venom (weapon)
 R - a +1 flail of draining
Missiles
 h - 178 stones (quivered)
 p - 4 atropa-tipped darts
 x - 105 sling bullets
 A - 33 poisoned darts
 B - 62 bolts
 M - 36 arrows
Armour
 a - a +0 robe
 b - a +0 hat (melded)
 j - a +1 cloak (melded)
 r - a +0 leather armour
 s - a +0 robe
 C - a +0 pair of gloves (melded)
 D - a +1 robe of magic resistance (melded)
 E - a +0 leather armour
 G - a +0 robe
Jewellery
 i - an uncursed amulet of the acrobat
 q - a +3 amulet of reflection (around neck)
 L - a ring of protection from magic (left branch)
 N - a +3 ring of intelligence (right branch)
 O - an uncursed amulet of magic regeneration
Wands
 P - a wand of flame (19)
 Q - a wand of iceblast (11)
 T - a wand of disintegration (6)
Scrolls
 f - 2 scrolls of magic mapping
 u - a scroll of identify
 w - a scroll of teleportation
 z - 2 scrolls of remove curse
 J - a scroll of blinking
 K - a scroll of amnesia
 U - a scroll of summoning {unknown}
Potions
 c - a potion of flight
 k - a potion of cancellation
 t - a potion of lignification
 I - a potion of haste
 S - a potion of invisibility {unknown}
Comestibles
 d - 9 rations


   Skills:
 + Level 2.4 Fighting
 + Level 4.5 Short Blades
 + Level 0.1 Maces & Flails
 + Level 1.5 Armour
 + Level 3.1 Dodging
 + Level 5.1 Stealth
 + Level 7.8 Spellcasting
 + Level 2.7 Conjurations
 + Level 1.4 Hexes
 + Level 6.0 Summonings
 + Level 2.0 Translocations


You had 17 spell levels left.
You knew the following spells:

 Your Spells              Type           Power        Failure   Level  Hunger
a - Magic Dart            Conj           ###.         2%          1    None
b - Call Imp              Summ           #####...     1%          2    None
c - Blink                 Tloc           N/A          4%          2    None
d - Corona                Hex            ##.....      4%          1    None

Your spell library contained the following spells:

 Spells                   Type           Power        Failure   Level  Hunger
 Slow                     Hex            ##......     6%          2    None
 Portal Projectile        Hex/Tloc       ###...       11%         3    None
 Conjure Flame            Conj/Fire      ##......     13%         3    None
 Mephitic Cloud           Conj/Pois/Air  ##......     16%         3    None
 Inner Flame              Hex/Fire       ##......     17%         3    None
 Cause Fear               Hex            ##........   38%         4    ###....
 Leda's Liquefaction      Hex/Erth       ##........   50%         4    ###....


Dungeon Overview and Level Annotations

Branches:
Dungeon (7/15)             Temple (0/1) D:6

Altars:
Ashenzari
Fedhas
Makhleb
Okawaru
Qazlal
Sif Muna
Wu Jian
Yredelemnul
Zin
The Shining One


Innate Abilities, Weirdness & Mutations

You cannot wear boots.
((Your serpentine skin is tough. (AC +3)))
You have supernaturally acute eyesight. (SInv)
((Armour fits poorly on your strangely shaped body.))
((Your system is resistant to poisons. (rPois)))
((You cover ground very slowly.))
You have a slow metabolism.
You can spit poison.


Message History

Sif Muna accepts your kill.
Your Stealth skill increases to level 5!
Your Translocations skill increases to level 2!
Your crimson imp hits the slime creature.
The slime creature hits you but does no damage.
The slime creature hits your crimson imp!
Your crimson imp hits the slime creature.
You hit the slime creature.
The slime creature is poisoned.
The slime creature is severely wounded.
Your crimson imp barely misses the slime creature.
The slime creature hits you.
* * * LOW HITPOINT WARNING * * *
The slime creature completely misses you.
Your crimson imp blinks!
You hit the slime creature.
The slime creature looks as sick as possible!
The slime creature is severely wounded.
Your crimson imp hits the slime creature.
The slime creature hits you!
You die...

# # # ########
###########...÷..#
##......##'....P÷#
#.).....#)#......#
........#.#....PP#
.......5#.#....5J#
......#5#.#.PP..♣#
#.....#.#.#..÷.5J#
##....#.#.#..P...#
#######.##.....!#
##### ###########
....#############
##.>............#
##..#######...###
.............##


You could see 2 slime creatures and 2 friendly crimson imps.

Vanquished Creatures
  A slime creature (D:7)
  Grinder (D:6)
  3 yaks (D:6)
  Duvessa (D:6)
  2 orc warriors
  2 ice beasts
  An ogre (D:4)
  A centaur (D:6)
  2 big kobolds (D:7)
  Blork the orc (D:4)
  A bullfrog (D:6)
  Dowan (D:6)
  A howler monkey (D:6)
  3 crimson imps
  A jelly (D:7)
  A bullfrog skeleton (D:4)
  2 hounds
  An orc wizard (D:6)
  An iguana (D:4)
  3 worker ants
  A gnoll (D:2)
  6 adders
  An ooze (D:7)
  An adder skeleton (D:4)
  2 dart slugs
  5 leopard geckos
  13 orcs
  2 ball pythons (D:2)
  5 giant cockroaches
  4 goblins
  4 hobgoblins
  2 quokkas
  7 bats
  6 frilled lizards
  7 kobolds
  2 rats (D:1)
98 creatures vanquished.

Vanquished Creatures (collateral kills)
  A yak (D:6)
  An ice beast (D:7)
  A black bear (D:7)
  A phantom (D:3)
  A big kobold (D:7)
  A bullfrog (D:7)
  A wight (D:6)
  A crimson imp (D:5)
  A jelly (D:7)
  3 hounds
  6 orc wizards
  3 orc priests
  A bullfrog skeleton (D:6)
  Jessica (D:2)
  A worker ant (D:6)
  A hound zombie (D:5)
  2 gnolls (D:2)
  5 adders
  6 oozes (D:7)
  A worm (D:3)
  2 leopard geckos
  23 orcs
  3 giant cockroaches
  A goblin (D:2)
  A hobgoblin (D:3)
  4 kobolds
  A bat (D:3)
  A frilled lizard (D:3)
75 creatures vanquished.

Vanquished Creatures (others)
  9 toadstools (D:7)
9 creatures vanquished.

Grand Total: 182 creatures vanquished

Notes
Turn   | Place    | Note
-------+----------+-------------------------------------------
     0 | D:1      | Forecaster the Naga Wizard began the quest for the Orb.
     0 | D:1      | Reached XP level 1. HP: 15/15 MP: 4/4
   324 | D:1      | Reached XP level 2. HP: 15/22 MP: 0/6
   328 | D:1      | Learned a level 2 spell: Call Imp
   331 | D:1      | Learned a level 2 spell: Blink
   810 | D:2      | Found a shattered altar of Ashenzari.
   878 | D:2      | Reached XP level 3. HP: 8/28 MP: 0/8
  1351 | D:2      | Found a basalt altar of Yredelemnul.
  1599 | D:2      | HP: 1/28 [gnoll/cursed +0 spear (4)]
  1718 | D:2      | Reached XP level 4. HP: 17/37 MP: 3/9
  1996 | D:2      | Noticed Jessica
  2016 | D:2      | Killed Jessica
  2016 | D:2      | Reached skill level 4 in Spellcasting
  2382 | D:3      | Found a stormy altar of Qazlal.
  2585 | D:3      | Reached XP level 5. HP: 35/43 MP: 6/11
  2644 | D:3      | Noticed a phantom
  2683 | D:3      | Killed a phantom
  2683 | D:3      | Reached skill level 1 in Armour
  2943 | D:3      | Found an iron altar of Okawaru.
  3100 | D:4      | Found a transporter.
  3100 | D:4      | Noticed Blork the orc
  3107 | D:4      | Killed Blork the orc
  3107 | D:4      | Reached XP level 6. HP: 38/50 MP: 4/13
  3124 | D:4      | Found a transporter.
  3169 | D:4      | Found a glowing silver altar of Zin.
  3577 | D:4      | Found a burning altar of Makhleb.
  3880 | D:4      | Reached skill level 1 in Short Blades
  3884 | D:4      | Reached skill level 5 in Spellcasting
  3884 | D:4      | Reached XP level 7. HP: 38/56 MP: 6/14
  4227 | D:5      | Entered Level 5 of the Dungeon
  4556 | D:5      | Reached skill level 1 in Fighting
  5441 | D:6      | Noticed a yak
  5442 | D:6      | Noticed a yak
  5443 | D:6      | Noticed Grinder
  5445 | D:6      | Noticed a yak
  5445 | D:6      | Noticed a yak
  5455 | D:6      | Killed a yak
  5455 | D:6      | Reached XP level 8. HP: 25/64 MP: 11/16
  5455 | D:6      | Killed a yak
  5455 | D:6      | Reached skill level 6 in Spellcasting
  5457 | D:6      | Killed a yak
  5459 | D:6      | HP: 3/64 [yak (7)]
  5463 | D:6      | Killed a yak
  5475 | D:6      | Killed Grinder
  5475 | D:6      | Reached skill level 5 in Summonings
  5854 | D:6      | Learned a level 1 spell: Corona
  6076 | D:6      | Found a shimmering blue altar of Sif Muna.
  6090 | D:6      | Became a worshipper of Sif Muna the Loreminder
  6268 | D:6      | Found a staircase to the Ecumenical Temple.
  6390 | D:6      | Found a glowing golden altar of the Shining One.
  6626 | D:6      | Reached XP level 9. HP: 72/73 MP: 13/19
  6662 | D:6      | Found a blossoming altar of Fedhas.
  6715 | D:6      | Noticed Duvessa
  6715 | D:6      | Noticed Dowan
  6722 | D:6      | Killed Dowan
  6730 | D:6      | Killed Duvessa
  6730 | D:6      | Reached skill level 7 in Spellcasting
  7155 | D:7      | Found an ornate altar of the Wu Jian Council.
  7464 | D:7      | Reached * piety under Sif Muna
  7466 | D:7      | Reached skill level 1 in Hexes
  7545 | D:7      | Reached skill level 5 in Stealth
  7547 | D:7      | Slain by a slime creature

Levels and vault maps discovered:
D:1:      minmay_arrival_plants_in_alcoves, layout_basic
D:2:      layout_basic, ashenzari_conservatory_becter, lemuel_round_altar,
          first_ration, uniq_jessica
D:3:      layout_rooms, okawaru_metal_pillars_1_2, lemuel_coloured_pillars_altar
D:4:      layout_gridville, gammafunk_temple_overflow_arena,
          makhleb_blood_cavern_becter, roderic_lattice_a, uniq_blork_the_orc
D:5:      layout_layer_cave
D:6:      minmay_chambers_of_threes, layout_basic,
          nicolae_tso_swordbearing_angel, tgw_sif, lemuel_crystal_altar,
          temple_hall_moat, uniq_grinder, uniq_duvessa
D:7:      cheibrodos_fertilizer, layout_loops_ring,
          nicolae_overflow_crystal_walls, basic_altar, uniq_maggie

Skill      XL: |  1  2  3  4  5  6  7  8  9 |
---------------+----------------------------+-----
Spellcasting   | 4 5 6 7 |  7.8
Dodging        | 2 3 |  3.1
Armour         | 1 |  1.5
Summonings     | 2 3 4 5 6 |  6.0
Conjurations   | 2 |  2.7
Short Blades   | 1 2 3 4 |  4.5
Fighting       | 1 2 |  2.4
Stealth        | 4 5 |  5.1
Hexes          | 1 |  1.4
Translocations | 2 |  2.0
Maces & Flails | |  0.1

Action                   |  1- 3 |  4- 6 |  7- 9 || total
-------------------------+-------+-------+-------++-------
Melee: Whip              |    12 |       |       ||    12
       Mace              |    24 |       |       ||    24
       Dagger            |    16 |    54 |       ||    70
       Rapier            |       |    23 |   197 ||   220
 Cast: Magic Dart        |    65 |    26 |    44 ||   135
       Call Imp          |    10 |    53 |    76 ||   139
       Blink             |     5 |       |    14 ||    19
       Corona            |       |       |     9 ||     9
  Use: Scroll            |     4 |       |    13 ||    17
       Potion            |       |     1 |     7 ||     8
 Stab: Sleeping          |     1 |     1 |     3 ||     5
       Distracted        |       |       |     4 ||     4
  Eat: Chunk             |     1 |     8 |     9 ||    18
Armor: Robe              |     6 |     9 |    50 ||    65
       Leather armour    |    17 |    11 |       ||    28
       Skin              |       |       |    38 ||    38
Dodge: Dodged            |    77 |    38 |   101 ||   216
Block: Other             |       |       |    22 ||    22
       Reflection        |       |       |     3 ||     3

Table legend:
 A = Non-vault XP
 B = Vault XP
 C = Vault XP percentage of total XP
 D = Non-vault monster count
 E = Vault monster count
 F = Vault count percentage of total count
                 A         B        C        D         E       F
            +---------+---------+-------+---------+---------+-------
      Total |    2385 |    1531 |  39.1 |     138 |      35 |  20.2
            +---------+---------+-------+---------+---------+-------
        D:1 |      28 |       0 |   0.0 |      16 |       0 |   0.0
        D:2 |      86 |      19 |  18.1 |      25 |       1 |   3.8
        D:3 |     173 |       0 |   0.0 |      27 |       0 |   0.0
        D:4 |     142 |     190 |  57.2 |      10 |       5 |  33.3
        D:5 |     309 |       0 |   0.0 |      23 |       0 |   0.0
        D:6 |    1214 |     773 |  38.9 |      26 |      13 |  33.3
        D:7 |     433 |     549 |  55.9 |      11 |      16 |  59.3
            +---------+---------+-------+---------+---------+-------
